 Dungeon Sprint DCSS version 0.19-a0-462-g6140235 (webtiles) character file.

28 Ordine the Magician (level 3, 0/28 HPs)
             Began as a Deep Elf Fire Elementalist on June 3, 2016.
             Was a Follower of Vehumet.
             Slain by a quasit (2 damage)
             ... in the Dungeon (Sprint VII: "The Pits").
             The game lasted 00:03:13 (601 turns).

Ordine the Magician (Deep Elf Fire Elementalist)     Turns: 601, Time: 00:03:13

Health: 0/28       AC:  2    Str: 10      XL:     3   Next: 0%
Magic:  0/12       EV: 12    Int: 20      God:    Vehumet [*.....]
Gold:   0          SH:  0    Dex: 10 (15) Spells: 2 memorised, 11 levels left

rFire  . . .     SeeInvis .     n - staff of energy
rCold  . . .     Gourm    .     a - +0 robe
rNeg   . . .     Faith    .     (no shield)
rPois  .         Spirit   .     (no helmet)
rElec  .         Dismiss  .     (no cloak)
rCorr  .         Reflect  .     (no gloves)
SustAt .         Harm     .     (no boots)
MR     .....     NoTele   +     (no amulet)
Stlth  ..........               (no ring)
                                (no ring)

@: berserking, very slightly contaminated, very quick, not resistant to hostile
enchantments, extremely unstealthy
A: no striking features
a: Renounce Religion


You were in the Dungeon.
You worshipped Vehumet.
Vehumet was aware of your devotion.
You were not hungry.

You visited 1 branch

Inventory:

Armour
 a - a +0 robe (worn)
Magical Staves
 n - an uncursed staff of energy (weapon)
Scrolls
 i - a scroll of blinking
 o - 3 scrolls of remove curse
 p - 5 scrolls of amnesia
 q - a scroll of summoning
 r - 2 scrolls of vulnerability
Potions
 e - a potion of heal wounds
 f - a potion of haste
 g - 4 potions of magic
 h - 2 potions of berserk rage
 m - 2 potions of invisibility
Books
 b - a book of Flames

   Spells                             Type                      Level
   a - Flame Tongue                   Conjuration/Fire             1
   b - Throw Flame                    Conjuration/Fire             2
   c - Conjure Flame                  Conjuration/Fire             3
   d - Inner Flame                    Hexes/Fire                   3
   e - Sticky Flame                   Conjuration/Fire             4
   f - Fireball                       Conjuration/Fire             5
Comestibles
 c - 8 bread rations
 d - a chunk of flesh
 k - 40 fruits
 l - 7 meat rations


   Skills:
 - Level 2.4 Dodging
 - Level 2.4 Stealth
 * Level 6.3 Spellcasting
 + Level 3.3 Conjurations
 + Level 4.5 Fire Magic


You had 11 spell levels left.
You knew the following spells:

 Your Spells              Type           Power        Failure   Level  Hunger
a - Flame Tongue          Conj/Fire      ###..        1%          1    None
b - Throw Flame           Conj/Fire      ###...       2%          2    None


Dungeon Overview and Level Annotations

Branches:
Dungeon (1/1)

Altars:
Ashenzari
Cheibriados
Dithmenos
Elyvilon
Fedhas
Gozag
Kikubaaqudgha
Makhleb
Nemelex Xobeh
Okawaru
Pakellas
Qazlal
Ru
Sif Muna
Trog
Vehumet
Xom
Yredelemnul
Zin
The Shining One
Beogh
Jiyva
Lugonu

Annotations:
D Blork the orc


Message History

The quasit claws you.
* * * LOW HITPOINT WARNING * * *
The quasit closely misses you.
A red film seems to cover your vision as you go berserk!
You feel yourself moving faster!
You feel mighty! The quasit barely misses you. The quasit closely misses you.
The quasit claws you.
* * * LOW HITPOINT WARNING * * *
The quasit closely misses you. The quasit barely misses you.
The quasit closely misses you.
You miss the quasit.
The quasit is almost dead.
You completely miss the quasit.
The quasit is almost dead.
The quasit bites you but does no damage.
The quasit claws you but does no damage.
The quasit barely misses you.
You completely miss the quasit.
The quasit is almost dead.
The quasit closely misses you. The quasit claws you.
You die...

############
#__________#
#__________#
#_#####'##########
#_#).)'.'..##.....
#_#)))#.#)(##.....
#######'#####.....
#@..........'.....
#5#####'#####.....
#.#.....# #.....
#.#.....# ####'#
#.###รท### #.....
#.#.....# #.....
#.#.....# #.....
#.####+## #...<.
#.#Z......o##.....


You could see a quasit.

Vanquished Creatures
  2 adders (D)
  An ufetubus (D)
  An orc (D)
  2 bat skeletons (D)
6 creatures vanquished.

Notes
Turn   | Place    | Note
--------------------------------------------------------------
     0 | D        | Ordine the Deep Elf Fire Elementalist began the quest for the Orb.
     0 | D        | Reached XP level 1. HP: 10/10 MP: 6/6
    10 | D        | Noticed a troll
    10 | D        | Noticed a mottled dragon
    35 | D        | Reached skill level 4 in Spellcasting
    35 | D        | Reached XP level 2. HP: 10/15 MP: 1/9
   108 | D        | Learned a level 2 spell: Throw Flame
   125 | D        | Found a sacrificial altar of Ru.
   125 | D        | Found a basalt altar of Yredelemnul.
   125 | D        | Found a shadowy altar of Dithmenos.
   125 | D        | Found a deep blue altar of Sif Muna.
   125 | D        | Found a burning altar of Makhleb.
   125 | D        | Found a shimmering altar of Xom.
   125 | D        | Found an ancient bone altar of Kikubaaqudgha.
   125 | D        | Found a sparkling altar of Nemelex Xobeh.
   126 | D        | Found a glowing golden altar of the Shining One.
   126 | D        | Found a bloodstained altar of Trog.
   126 | D        | Found a shattered altar of Ashenzari.
   126 | D        | Found a white marble altar of Elyvilon.
   126 | D        | Found a snail-covered altar of Cheibriados.
   126 | D        | Found a blossoming altar of Fedhas.
   126 | D        | Found a radiant altar of Vehumet.
   126 | D        | Found a glowing silver altar of Zin.
   126 | D        | Found a corrupted altar of Lugonu.
   126 | D        | Found a viscous altar of Jiyva.
   126 | D        | Found a roughly hewn altar of Beogh.
   126 | D        | Found an iron altar of Okawaru.
   127 | D        | Found an oddly glowing altar of Pakellas.
   132 | D        | Found a stormy altar of Qazlal.
   132 | D        | Found an opulent altar of Gozag.
   134 | D        | Became a worshipper of Vehumet
   161 | D        | Reached skill level 5 in Spellcasting
   421 | D        | Reached * piety under Vehumet
   421 | D        | Offered knowledge of Shock by Vehumet.
   423 | D        | Reached skill level 6 in Spellcasting
   548 | D        | Noticed Blork the orc
   557 | D        | Reached XP level 3. HP: 18/19 MP: 9/12
   601 | D        | Slain by a quasit

Vault maps used:
D:        pitsprint

Skill      XL: |  1  2 |
---------------+-------+-----
Spellcasting   | 4 6 |  6.3
Conjurations   | 2 3 |  3.3
Fire Magic     | 4 |  4.5
Dodging        | |  2.4
Stealth        | |  2.4

Action                   || total
-------------------------++-------
Melee: Staff             ||     6
 Cast: Flame Tongue      ||     9
       Throw Flame       ||    15
  Use: Potion            ||     2
Armor: Robe              ||    13
Dodge: Dodged            ||    47
